 Dungeon Crawl Stone Soup version 0.26-a0-651-gb41185065b (webtiles) character file.

Game seed: 7826411323287311329

19403 miket3c the Severer (level 12, -10/118 HPs)
             Began as a Minotaur Berserker on Oct 1, 2020.
             Was an Elder of Trog.
             Mangled by Sonja
             ... wielding a +2 short sword of distortion
              (21 damage)
             ... on level 11 of the Dungeon.
             The game lasted 00:32:58 (11082 turns).

miket3c the Severer (Minotaur Berserker)           Turns: 11082, Time: 00:32:59

Health: -10/118    AC: 22    Str: 25    XL:     12   Next: 36%
Magic:  11/11      EV: 14    Int:  7    God:    Trog [****..]
Gold:   679        SH:  0    Dex: 14    Spells: 11/11 levels left

rFire    . . .     SeeInvis .   I - +1 war axe
rCold    . . .     Faith    .   (no shield)
rNeg     . . .     Spirit   .   X - +0 plate armour
rPois    .         Reflect  .   R - +2 hat {Int+3}
rElec    .         Harm     .   C - +0 cloak
rCorr    .         Rampage  .   T - +0 pair of gloves
MR       +....                  (no boots)
Stlth    ..........             m - amulet of the acrobat
HPRegen  0.29/turn              k - +4 ring of evasion
MPRegen  0.12/turn              U - ring of protection from magic

@: no status effects
A: retaliatory headbutt, horns 2, thin skeletal structure 1, yellow scales 1,
robust 1
a: Berserk, Trog's Hand, Brothers in Arms, Renounce Religion


You were on level 11 of the Dungeon.
You worshipped Trog.
Trog was greatly pleased with you.
You visited 2 branches of the dungeon, and saw 12 of its levels.
You visited the Abyss 1 time.

You collected 744 gold pieces.
You spent 65 gold pieces at shops.

Inventory:

Hand Weapons
 a - a +0 hand axe
 v - a +0 hand axe of electrocution
 I - a +1 war axe (weapon)
Missiles
 c - 5 poisoned darts (quivered)
 d - 195 stones
 Q - 2 atropa-tipped darts
 Y - 3 boomerangs
Armour
 b - a +0 animal skin
 g - a +2 hat
 o - a +0 ring mail
 C - a +0 cloak (worn)
 G - a +0 chain mail
 R - a +2 hat of intelligence (worn)
 T - a +0 pair of gloves (worn)
 X - a +0 plate armour (worn)
Jewellery
 i - an uncursed ring of stealth
 k - a +4 ring of evasion (left hand)
 m - an amulet of the acrobat (around neck)
 p - an uncursed ring of attention
 N - an uncursed ring of positive energy
 O - an uncursed ring of positive energy
 S - an uncursed ring of magical power
 U - a ring of protection from magic (right hand)
 Z - an uncursed amulet of guardian spirit {unknown}
Wands
 H - a wand of flame (41)
 K - a wand of polymorph (10)
 M - a wand of acid (16)
Scrolls
 e - 2 scrolls of remove curse
 f - 3 scrolls of enchant weapon
 h - a scroll of fog {unknown}
 l - 3 scrolls of noise
 q - 5 scrolls of fear
 s - 2 scrolls of enchant armour {unknown}
 u - 5 scrolls of immolation
 x - a scroll of identify
 y - a scroll of random uselessness {unknown}
 D - 2 scrolls of magic mapping
 J - 2 scrolls of amnesia
 P - a scroll of blinking {unknown}
 V - a scroll of torment {unknown}
 W - a scroll of brand weapon {unknown}
Potions
 j - a potion of invisibility {unknown}
 n - 2 potions of mutation
 r - 4 potions of curing {unknown}
 w - a potion of ambrosia {unknown}
 z - a potion of haste {unknown}
 B - 3 potions of degeneration {unknown}
 E - a potion of resistance {unknown}
 F - 2 potions of brilliance {unknown}
 L - 2 potions of flight {unknown}


   Skills:
 + Level 10.7 Fighting
 * Level 17.2 Axes
 + Level 3.8 Throwing
 + Level 11.1 Armour
 + Level 5.8 Dodging
 - Level 0.6 Stealth


You had 11 spell levels left.
You didn't know any spells.
Your spell library was empty.

Dungeon Overview and Level Annotations

Branches:
Dungeon (11/15)            Temple (1/1) D:5            Lair (0/6) D:8
    Orc: D:9-12

Altars:
Ashenzari
Cheibriados
Dithmenos
Elyvilon
Fedhas
Gozag
Hepliaklqana
Kikubaaqudgha
Makhleb
Nemelex Xobeh
Okawaru
Qazlal
Ru
Sif Muna
Trog
Uskayaw
Vehumet
Wu Jian
Xom
Yredelemnul
Zin
The Shining One

Shops:
D:8 [   D:9 *   D:10 *((*

Annotations:
D:8 Lair here
D:11 Sonja


Innate Abilities, Weirdness & Mutations

You reflexively headbutt those who attack you in melee.
You have a pair of horns on your head.
You have a somewhat thin skeletal structure. (Dex +2, Stealth)
You are partially covered in yellow scales. (AC +2)
You are robust. (+10% HP)


Message History

Trog accepts your kill.
Your skin stops crawling.
You feel less resistant to hostile enchantments.
There is a gateway leading out of the Abyss here.
You pass through the gate.
Welcome back to the Dungeon!
Level annotation: Sonja Sonja hits you but does no damage.
Space warps horribly around you!!
* * * LOW HITPOINT WARNING * * *
Sonja barely misses you. Sonja completely misses you. Sonja misses you.
You furiously retaliate!
You headbutt Sonja. Sonja misses you. Sonja hits you but does no damage.
Space warps horribly around you!
* * * LOW HITPOINT WARNING * * *
Sonja hits you with a +2 short sword of distortion.
* * * LOW HITPOINT WARNING * * *
Space bends around you.
* * * LOW HITPOINT WARNING * * *
Sonja hits you but does no damage. You resist the pull of the Abyss.
Sonja hits you but does no damage. Space warps horribly around you!!
You die...

# .# ..# ...#
####....#
####.......#
######.(((##......
###.......@((......#
.........K#(##....##
.# ###.....###.#
#### . ..#.........#
##. ........#####
#.. .##.....## #.##
#......# #...
####...# #..# ##..#
#..#


You could see Sonja.

Vanquished Creatures
  A tentacled starspawn (Abyss:1)
  Gastronok (D:8)
  A green death (Abyss:1)
  Josephine (D:10)
  A two-headed ogre (D:11)
  2 thrashing horrors (Abyss:1)
  An unseen horror (D:10)
  A manticore (D:10)
  A cyclops (D:9)
  Maggie (D:10)
  A komodo dragon (D:8)
  An ancient zyme (Abyss:1)
  A troll (D:10)
  Grinder (D:4)
  A raiju (Abyss:1)
  A large abomination (Abyss:1)
  A ynoxinul (Abyss:1)
  5 wraiths (D:10)
  A wyvern (D:11)
  18 yaks
  A chaos spawn (Abyss:1)
  A steam dragon (D:11)
  Eustachio (D:4)
  5 small abominations (Abyss:1)
  A water moccasin (D:9)
  A hornet zombie (D:8)
  Duvessa (D:4)
  A black bear (D:9)
  3 orc warriors
  4 sky beasts
  2 ice beasts (D:5)
  A phantom (D:4)
  2 necrophages
  3 centaurs
  5 ogres
  A water moccasin zombie (D:10)
  3 bullfrogs
  Dowan (D:4)
  4 scorpions
  8 killer bees
  10 wights
  2 bullfrog zombies
  A howler monkey (D:4)
  2 jellies
  2 bullfrog skeletons (D:7)
  5 hounds
  8 orc priests
  Crazy Yiuf (D:4)
  An iron imp (Abyss:1)
  6 iguanas
  8 orc wizards
  5 worker ants
  A hound zombie (D:8)
  16 adders
  A shadow imp (D:9)
  6 ufetubi
  An adder skeleton (D:7)
  3 worms
  2 leopard geckos
  41 orcs
  3 giant cockroaches
  5 goblins
  7 hobgoblins
  6 jackals
  8 kobolds
  5 quokkas
  6 bats
  3 frilled lizards
  A giant cockroach zombie (D:5)
  A leopard gecko skeleton (D:6)
  6 rats
  2 lurking horrors (Abyss:1)
  2 starspawn tentacles (Abyss:1)
268 creatures vanquished.

Vanquished Creatures (collateral kills)
  A thrashing horror (Abyss:1)
  A shadow (Abyss:1)
  A ynoxinul (Abyss:1)
  A fire bat (Abyss:1)
  A small abomination (Abyss:1)
  A bullfrog zombie (D:11)
  A worker ant (D:11)
7 creatures vanquished.

Vanquished Creatures (others)
  An orc (D:11)
  8 plants (D:8)
  13 starspawn tentacles (Abyss:1)
22 creatures vanquished.

Grand Total: 297 creatures vanquished

Notes
Turn   | Place    | Note
-------+----------+-------------------------------------------
     0 | D:1      | miket3c the Minotaur Berserker began the quest for the Orb.
     0 | D:1      | Reached XP level 1. HP: 19/19 MP: 0/0
   167 | D:1      | Reached XP level 2. HP: 23/27 MP: 1/1
   506 | D:1      | Reached ** piety under Trog
   766 | D:2      | Reached XP level 3. HP: 34/34 MP: 2/2
   773 | D:2      | You fall into a shaft and drop 1 floor!
   778 | D:3      | Reached skill level 4 in Axes
   988 | D:3      | Reached XP level 4. HP: 37/41 MP: 3/3
  1082 | D:3      | Reached skill level 5 in Axes
  1300 | D:3      | Reached skill level 1 in Throwing
  1613 | D:3      | Reached XP level 5. HP: 47/47 MP: 4/4
  1917 | D:4      | Noticed Eustachio
  1932 | D:4      | Killed Eustachio
  1932 | D:4      | Reached skill level 6 in Axes
  1932 | D:4      | Reached XP level 6. HP: 55/55 MP: 5/5
  1944 | D:4      | Found an ancient bone altar of Kikubaaqudgha.
  2021 | D:4      | Reached skill level 5 in Fighting
  2103 | D:4      | Noticed Dowan
  2104 | D:4      | Noticed Duvessa
  2111 | D:4      | Killed Dowan
  2114 | D:4      | Killed Duvessa
  2136 | D:4      | Reached XP level 7. HP: 57/61 MP: 6/6
  2185 | D:4      | Noticed Grinder
  2186 | D:4      | Reached skill level 5 in Armour
  2190 | D:4      | Paralysed by Grinder for 4 turns
  2203 | D:4      | Killed Grinder
  2203 | D:4      | Reached skill level 7 in Axes
  2304 | D:4      | Found a stormy altar of Qazlal.
  2306 | D:4      | Noticed a fire elemental
  2307 | D:4      | Noticed a water elemental
  2307 | D:4      | Noticed an air elemental
  2426 | D:4      | Found a runed translucent door.
  2427 | D:4      | Noticed Crazy Yiuf
  2443 | D:4      | Killed Crazy Yiuf
  2514 | D:5      | Entered Level 5 of the Dungeon
  2514 | D:5      | Found a staircase to the Ecumenical Temple.
  2686 | D:5      | Reached skill level 8 in Axes
  2687 | D:5      | Reached XP level 8. HP: 41/70 MP: 7/7
  2708 | Temple   | Entered the Ecumenical Temple
  2998 | D:5      | Found a burning altar of Makhleb.
  3090 | D:5      | Reached *** piety under Trog
  3551 | D:5      | Reached skill level 9 in Axes
  3798 | D:6      | Reached skill level 10 in Axes
  3821 | D:6      | Found an ornate altar of the Wu Jian Council.
  4417 | D:7      | Reached XP level 9. HP: 76/78 MP: 8/8
  4465 | D:7      | Reached skill level 11 in Axes
  4979 | D:7      | Found a basalt altar of Yredelemnul.
  4981 | D:7      | Noticed a profane servitor
  4996 | D:7      | Found a glowing golden altar of the Shining One.
  4998 | D:7      | Noticed an angel
  5212 | D:8      | Reached **** piety under Trog
  5367 | D:8      | Reached skill level 12 in Axes
  5528 | D:8      | Found Cheibriados's Comfort Zone.
  5529 | D:8      | Found a snail-covered altar of Cheibriados.
  5646 | D:8      | Noticed a komodo dragon
  5653 | D:8      | Killed a komodo dragon
  5657 | D:8      | Found a staircase to the Lair.
  5810 | D:8      | Found an opulent altar of Gozag.
  5827 | D:8      | Found a shadowy altar of Dithmenos.
  6001 | D:8      | Noticed Gastronok
  6036 | D:8      | Killed Gastronok
  6036 | D:8      | Reached skill level 13 in Axes
  6036 | D:8      | Reached XP level 10. HP: 86/88 MP: 9/9
  6138 | D:8      | Found a radiant altar of Vehumet.
  6553 | D:9      | Reached skill level 5 in Dodging
  6640 | D:9      | Found a bloodstained altar of Trog.
  6841 | D:9      | Found Micos's Assorted Antiques.
  6845 | D:9      | Reached skill level 14 in Axes
  6930 | D:9      | Noticed a cyclops
  6948 | D:9      | Killed a cyclops
  7259 | D:9      | Found a snail-covered altar of Cheibriados.
  7722 | D:10     | Entered Level 10 of the Dungeon
  7731 | D:10     | Noticed Maggie
  7749 | D:10     | Killed Maggie
  7771 | D:10     | Found Deph's General Store.
  8092 | D:10     | Found Toklelos's Antique Weapon Emporium.
  8457 | D:10     | Found Jaonwucur's Weapon Emporium.
  8458 | D:10     | Noticed Josephine
  8461 | D:10     | Reached XP level 11. HP: 89/96 MP: 10/10
  8474 | D:10     | Killed Josephine
  8474 | D:10     | Reached skill level 15 in Axes
  8729 | D:10     | Killed an unseen horror
  9053 | D:10     | Found Apnaiqui's General Store.
  9059 | D:10     | Bought a potion of heal wounds for 65 gold pieces
 10333 | D:11     | Noticed a two-headed ogre
 10347 | D:11     | Killed a two-headed ogre
 10347 | D:11     | Reached skill level 16 in Axes
 10360 | D:11     | Reached ***** piety under Trog
 10368 | D:11     | Reached skill level 10 in Fighting
 10546 | D:11     | Noticed Sonja
 10560 | D:11     | Cast into level 1 of the Abyss (Sonja)
 10585 | Abyss:1  | Reached skill level 10 in Armour
 10686 | Abyss:1  | Noticed a tentacled starspawn
 10748 | Abyss:1  | Noticed a thrashing horror
 10768 | Abyss:1  | Killed a thrashing horror
 10815 | Abyss:1  | Noticed a green death
 10825 | Abyss:1  | Killed a green death
 10825 | Abyss:1  | Reached XP level 12. HP: 33/106 MP: 11/11
 11003 | Abyss:1  | Noticed a tentacled starspawn
 11029 | Abyss:1  | Gained mutation: You have a somewhat thin skeletal
                  | structure. (Dex +2, Stealth) [potion of mutation]
 11029 | Abyss:1  | Gained mutation: You are robust. (+10% HP) [potion of
                  | mutation]
 11029 | Abyss:1  | Gained mutation: You are partially covered in yellow
                  | scales. (AC +2) [potion of mutation]
 11075 | Abyss:1  | Killed a tentacled starspawn
 11075 | Abyss:1  | Reached skill level 17 in Axes
 11082 | D:11     | Escaped the Abyss
 11082 | D:11     | Mangled by Sonja

Illustrated notes

Levels and vault maps discovered:
D:1:      dpeg_arrival_shelter, layout_basic
D:2:      layout_basic
D:3:      minmay_evil_eye, layout_rooms
D:4:      layout_rooms, lemuel_doored_altar, nicolae_qazlal_style_of_elements,
          kennysheep_small_circle, uniq_duvessa, uniq_crazy_yiuf_cottage,
          uniq_eustachio, uniq_grinder
D:5:      layout_rooms, old_standard_altar, temple_pool_b
D:6:      layout_basic, nicolae_overflow_crystal_walls
D:7:      layout_basic, grunt_temple_overflow_holy_war
D:8:      layout_loops_corners, marbit_many_paths,
          grunt_dithmenos_smoke_and_mirrors, kennysheep_mini_moat,
          david_lair_shrubbed, minmay_shop_chei, uniq_gastronok
D:9:      layout_loops_corners, kennysheep_little_box, kennysheep_mini,
          serial_shops, shop, ebering_dispersal_statue_hall
D:10:     layout_layer_cave, serial_shops, shop_fountains, shop, shop,
          shop_fountains, uniq_maggie, uniq_josephine
D:11:     layout_rooms, kennysheep_opposing_triangles, uniq_fannar, uniq_sonja
Temple:   minmay_freezing_vapour_temple

Skill      XL: |  1  2  3  4  5  6  7  8  9 10 11 12 |
---------------+-------------------------------------+-----
Fighting       | 4 5 6 8 9 10 | 10.7
Axes           | 4 5 6 8 10 13 14 16 17 | 17.2
Armour         | 3 4 5 6 7 8 10 11 | 11.1
Throwing       | 1 2 3 |  3.8
Dodging        | 3 4 5 |  5.8
Stealth        | |  0.6

Action                   |  1- 3 |  4- 6 |  7- 9 | 10-12 || total
-------------------------+-------+-------+-------+-------++-------
Melee: Hand axe          |    46 |    72 |    99 |       ||   217
       Headbutt          |     2 |    15 |    46 |    95 ||   158
       War axe           |       |       |   173 |   354 ||   527
Throw: Dart              |    18 |     4 |    16 |    21 ||    59
Invok: Trog's Hand       |       |     2 |     4 |     8 ||    14
       Berserk           |       |     1 |     7 |     7 ||    15
       Brothers in Arms  |       |       |       |     2 ||     2
  Use: Scroll            |     2 |       |       |    13 ||    15
       Potion            |       |       |       |     6 ||     6
Armor: Animal skin       |     3 |       |       |       ||     3
       Ring mail         |     5 |    19 |    27 |       ||    51
       Chain mail        |       |       |    84 |   180 ||   264
       Plate armour      |       |       |       |    60 ||    60
Dodge: Dodged            |    42 |    55 |   147 |   342 ||   586

Table legend: (Time is in decaauts)
 A = Elapsed time spent in this place.
 B = Non-inter-level travel time spent in this place.
 C = Inter-level travel time spent in this place.
 D = Time resting spent in this place.
 E = Time spent auto-exploring this place.
 F = Levels seen in this place.
 G = Mean time per level.
                   A        B        C        D        E       F      G
               +--------+--------+--------+--------+--------+-----+--------+
         Total |  11128 |  10773 |    355 |   2986 |   6028 |  13 |  856.0 |
       Dungeon |  10324 |   9969 |    355 |   2492 |   5973 |  11 |  938.5 |
        Temple |    276 |    276 |      0 |    274 |      0 |   1 |  276.0 |
         Abyss |    527 |    527 |      0 |    219 |     55 |   1 |  527.0 |
               +--------+--------+--------+--------+--------+-----+--------+

Top non-repeatable levels by time:
    D:10: 1701 daAuts
     D:9: 1608 daAuts
     D:8: 1131 daAuts
     D:3: 1076 daAuts
     D:5: 952 daAuts
    D:11: 918 daAuts
     D:7: 797 daAuts
     D:1: 763 daAuts
     D:4: 692 daAuts
     D:6: 670 daAuts
 Abyss:1: 527 daAuts
  Temple: 276 daAuts
     D:2: 11 daAuts
